 Dungeon Crawl Stone Soup version 0.27-a0-836-gfc908b8576 (webtiles) character file.

Game seed: 16383242234969478256

11 Alarkh the Skirmisher (level 2, 21/24 HPs)
             Began as a Demonspawn Monk on Apr 1, 2021.
             Got out of the dungeon alive.
             The game lasted 00:00:29 (454 turns).

Alarkh the Skirmisher (Demonspawn Monk)              Turns: 454, Time: 00:00:29

Health: 21/24      AC:  4    Str: 11    XL:     2   Next: 13%
Magic:  2/2        EV: 12    Int: 11    God:
Gold:   21         SH:  0    Dex: 15    Spells: 1/1 levels left

rFire    . . .     SeeInvis .     - Unarmed
rCold    . . .     Faith    .   (no shield)
rNeg     . . .     Spirit   .   a - +0 robe
rPois    .         Reflect  .   (no helmet)
rElec    .         Harm     .   (no cloak)
rCorr    .         Rampage  .   (no gloves)
Will     .....                  (no boots)
Stlth    ++........             (no amulet)
HPRegen  0.08/turn              (no ring)
MPRegen  0.08/turn              (no ring)

@: no status effects
A: thin metallic scales 1
a: no special abilities


You escaped.
You visited 1 branch of the dungeon, and saw 1 of its levels.

You collected 21 gold pieces.

Inventory:

Armour
 a - a +0 robe (worn)
Potions
 b - a potion of resistance {unknown}
 c - a potion of mutation {unknown}
 d - a potion of curing {unknown}


   Skills:
 + Level 3.2 Fighting
 - Level 2.6 Dodging
 - Level 1.7 Stealth
 * Level 3.1 Unarmed Combat


You had one spell level left.
You didn't know any spells.
Your spell library was empty.

Dungeon Overview and Level Annotations

Branches:
Dungeon (1/15)

Altars:


Innate Abilities, Weirdness & Mutations

You are partially covered in thin metallic scales. (AC +2)


Message History

You kill the kobold!
The goblin hits you with a +0 dagger.
You have reached level 2!
Your demonic ancestry asserts itself...
Thin metallic scales grow over part of your body.
You hit the goblin.
You kill the goblin!
No target in view!
No target in view!
No target in view!
A bat comes into view.
You can't go up here!
The bat barely misses you. The bat hits you but does no damage.
The bat hits you but does no damage. x2
You hit the bat.
You kill the bat!
No target in view!
No target in view!
No target in view!
No target in view!
No target in view!
No target in view!
No target in view!
No target in view!
No target in view!
No target in view!
No target in view!
(D) Dungeon
Where to? (Enter - D:1 @ (x,y), ? - help)
There is an open door here.
Found a chain mail.
Things that are here:
a +0 dagger; a jackal skeleton; a jackal skeleton You open the door.
There is an open door here.
There is a fountain of clear blue water here.
There is a staircase leading out of the dungeon here.
Are you sure you want to leave the Dungeon?
This will make you lose the game!
You have escaped!

#.###......####......##
#.#####.#### ####
#.....8....#
#..##...##.#
#...##.##..# ##
#.#..#'#..## #.
#....#'#..## #.
#...##⌠##..# #.
#...+⌠@⌠'..# #.
#...##⌠##..###########.
###..#+#..#....).......
##..#+#..#.###########
#..##.##...#
#.##...##..#
#....8.....#
######.....# #######


There were no monsters in sight!

Vanquished Creatures
  A bat (D:1)
  A giant cockroach (D:1)
  2 goblins (D:1)
  3 jackals (D:1)
  A ball python (D:1)
  A kobold (D:1)
9 creatures vanquished.

Notes
Turn   | Place    | Note
-------+----------+-------------------------------------------
     0 | D:1      | Alarkh the Demonspawn Monk began the quest for the Orb.
     0 | D:1      | Reached XP level 1. HP: 18/18 MP: 1/1
   403 | D:1      | Gained mutation: You are partially covered in thin metallic
                  | scales. (AC +2) [demonic ancestry]
   403 | D:1      | Reached XP level 2. HP: 17/24 MP: 2/2
   454 | D:$      | Got out of the dungeon alive.

Illustrated notes

Levels and vault maps discovered:
D:1:      grunt_arrival_crossed_arrows, layout_basic, minmay_stone_trees_small

Skill      XL: |  1 |
---------------+----+-----
Unarmed Combat | 3 |  3.1
Fighting       | |  3.2
Dodging        | |  2.6
Stealth        | |  1.7

Action                   || total
-------------------------++-------
Melee: Unarmed           ||    42
 Stab: Sleeping          ||     1
Armor: Robe              ||     8
Dodge: Dodged            ||    37

Table legend: (Time is in decaauts)
 A = Elapsed time spent in this place.
 B = Non-inter-level travel time spent in this place.
 C = Inter-level travel time spent in this place.
 D = Time resting spent in this place.
 E = Time spent auto-exploring this place.
 F = Levels seen in this place.
 G = Mean time per level.
                   A        B        C        D        E       F      G
               +--------+--------+--------+--------+--------+-----+--------+
         Total |    451 |    409 |     42 |    212 |    112 |   1 |  451.0 |
       Dungeon |    451 |    409 |     42 |    212 |    112 |   1 |  451.0 |
               +--------+--------+--------+--------+--------+-----+--------+

Top non-repeatable levels by time:
     D:1: 451 daAuts
